 Dungeon Crawl Stone Soup version 0.21-a0-150-gc243083 (webtiles) character file.

3676 FRamirez the Cleaver (level 9, -11/81 HPs)
             Began as a Minotaur Berserker on July 28, 2017.
             Was a High Priest of Trog.
             Mangled by a two-headed ogre
             ... wielding a +0 giant club
              (21 damage)
             ... on level 8 of the Dungeon.
             The game lasted 01:22:17 (6870 turns).

FRamirez the Cleaver (Minotaur Berserker)           Turns: 6870, Time: 01:22:18

Health: -11/81     AC: 16    Str: 20    XL:     9   Next: 89%
Magic:  8/8        EV: 12    Int:  4    God:    Trog [*****.]
Gold:   329        SH:  5    Dex: 10    Spells: 8/8 levels left

rFire    . . .     SeeInvis +   B - +0 battleaxe
rCold    . . .     Gourm    .   (shield currently unavailable)
rNeg     + + .     Faith    .   p - +6 scale mail of the Pink Corner {rN++ Regen+ Str-5 SInv}
rPois    +         Spirit   .   A - +2 hat "Yneer" {rElec rPois}
rElec    +         Reflect  +   (no cloak)
rCorr    .         Harm     .   (no gloves)
MR       .....                  (no boots)
Stlth    ..........             m - +5 amulet of reflection
HPRegen  0.63/turn              (no ring)
MPRegen  0.11/turn              (no ring)

@: no status effects
A: retaliatory headbutt, horns 2
a: Berserk, Trog's Hand, Brothers in Arms, Burn Spellbooks, Renounce Religion


You were on level 8 of the Dungeon.
You worshipped Trog.
Trog was extremely pleased with you.
You were not hungry.

You visited 1 branch of the dungeon, and saw 8 of its levels.
You also visited: Ossuary.

You collected 329 gold pieces.

Inventory:

Hand Weapons
 a - a +1 hand axe
 B - a +0 battleaxe (weapon)
Armour
 d - a +1 leather armour
 p - the +6 scale mail of the Pink Corner (worn) {rN++ Regen+ Str-5 SInv}
   (You found it on level 4 of the Dungeon)

   It affects your strength (-5).
   It greatly protects you from negative energy.
   It lets you see invisible.
   It increases your rate of regeneration.
 A - the +2 hat "Yneer" (worn) {rElec rPois}
   (You acquired it on level 6 of the Dungeon)

   It insulates you from electricity.
   It protects you from poison.
Jewellery
 f - a cursed ring of teleportation
 g - a +3 ring of strength {unknown}
 m - a +5 amulet of reflection (around neck)
Wands
 i - a wand of flame (19/48)
 r - a wand of confusion (23/48)
 C - a wand of digging (8/24)
 H - a wand of random effects (22/48)
 K - a wand of random effects (7/48)
Scrolls
 j - 2 scrolls of enchant armour
 o - a scroll of fear
 s - a scroll of recharging
 u - 2 scrolls of fog
 v - a scroll of acquirement
 w - a scroll of magic mapping
 y - a scroll of teleportation
 E - 2 scrolls of remove curse
 G - a scroll of enchant weapon
Potions
 e - 3 potions of curing
 h - 2 potions of flight
 k - a potion of ambrosia
 l - a potion of lignification
 n - a potion of degeneration {unknown}
 q - a potion of brilliance {unknown}
 t - a potion of invisibility {unknown}
 x - a potion of magic {unknown}
 z - a potion of mutation {unknown}
 D - a potion of haste {unknown}
 F - a potion of agility {unknown}
 J - a potion of cancellation
Comestibles
 b - 5 royal jellies
 c - 5 bread rations
 I - a meat ration


   Skills:
 + Level 8.0 Fighting
 + Level 12.3 Axes
 + Level 7.6 Armour
 + Level 6.0 Dodging
 + Level 0.6 Stealth


You had 8 spell levels left.
You didn't know any spells.

Dungeon Overview and Level Annotations

Branches:
Dungeon (8/15)             Temple (0/1) D:5
   Lair: D:8-11

Altars:
Ashenzari
Hepliaklqana
Kikubaaqudgha
Makhleb
Okawaru
Sif Muna
Trog
Vehumet
Zin

Shops:
D:4 !


Innate Abilities, Weirdness & Mutations

You reflexively headbutt those who attack you in melee.
You have a pair of horns on your head.


Message History

The two-headed ogre hits you with a giant club!
You block the two-headed ogre's attack.
You barely miss the two-headed ogre.
You headbutt the two-headed ogre, but do no damage.
The two-headed ogre is moderately wounded.
The two-headed ogre misses you. The two-headed ogre closely misses you.
You barely miss the two-headed ogre.
The two-headed ogre is moderately wounded.
The two-headed ogre misses you. You furiously retaliate!
You headbutt the two-headed ogre, but do no damage.
The two-headed ogre hits you with a giant club!!
* * * LOW HITPOINT WARNING * * *
You hit the two-headed ogre.
The two-headed ogre is heavily wounded.
The two-headed ogre barely misses you.
The two-headed ogre hits you with a giant club!
* * * LOW HITPOINT WARNING * * *
You feel better.
The two-headed ogre hits you with a giant club!!
You die...

..# #.# ..#...
.# ....# .#
###.#.# .#
...<#.#######
.# #
###.........#
.# .#.
###.#####.#
##.##(... #†#
#.# #.....#
#.#####.####@.#
#...........O.#
#######.####.##
#.# #.# #.# #.#
#.# #.# #.# #.#
#.# #.# ..# .#


You could see a two-headed ogre.

Vanquished Creatures
  A two-headed ogre (D:6)
  A wraith (Ossuary)
  2 sky beasts
  3 phantoms
  2 orc warriors (D:7)
  An ice beast (D:7)
  A necrophage (D:7)
  2 ogres
  3 centaurs
  3 bullfrogs
  A scorpion (D:7)
  8 wights
  A crimson imp (D:5)
  A jelly (D:5)
  3 bullfrog zombies
  5 orc priests
  A bullfrog skeleton (D:6)
  3 orc wizards (D:7)
  2 hounds
  An iguana (D:4)
  11 worker ants
  A hound skeleton (D:4)
  3 mummies (Ossuary)
  2 worker ant zombies
  4 gnolls (D:5)
  7 adders
  An ooze (D:2)
  An adder skeleton (D:5)
  An adder zombie (D:7)
  A worm (D:3)
  2 dart slugs
  3 leopard geckos
  21 orcs
  2 ball pythons (D:3)
  8 bats
  6 giant cockroaches
  4 goblins
  5 hobgoblins
  18 jackals
  2 quokkas
  5 frilled lizards
  3 goblin zombies (Ossuary)
  4 hobgoblin zombies (Ossuary)
  9 kobolds
  3 kobold zombies (Ossuary)
  A leopard gecko zombie (D:5)
  A quokka skeleton (D:5)
  5 rats
179 creatures vanquished.

Vanquished Creatures (others)
  An adder (D:6)
  A giant cockroach (D:5)
  A goblin zombie (Ossuary)
3 creatures vanquished.

Grand Total: 182 creatures vanquished

Notes
Turn   | Place    | Note
-------+----------+-------------------------------------------
     0 | D:1      | FRamirez the Minotaur Berserker began the quest for the Orb.
     0 | D:1      | Reached XP level 1. HP: 19/19 MP: 0/0
   249 | D:1      | Reached XP level 2. HP: 25/27 MP: 1/1
   446 | D:1      | Reached skill level 4 in Axes
   714 | D:2      | Reached ** piety under Trog
   925 | D:2      | You fall through a shaft!
   934 | D:3      | Reached XP level 3. HP: 33/33 MP: 2/2
  1819 | D:2      | Reached XP level 4. HP: 41/41 MP: 3/3
  1973 | D:2      | Reached skill level 5 in Axes
  2066 | D:2      | Found a deep blue altar of Sif Muna.
  2259 | D:2      | Found a hazy altar of Hepliaklqana.
  2635 | D:4      | Found an ancient bone altar of Kikubaaqudgha.
  2737 | D:4      | Found an iron altar of Okawaru.
  2887 | D:4      | Found Qiodod's Distillery.
  2892 | D:4      | Got a bronze scale mail
  2903 | D:4      | Identified the +6 scale mail of the Pink Corner {rN++ Regen+ Str-5 SInv} (You found it on level 4 of the Dungeon)
  2943 | D:4      | Noticed a phantom
  2994 | D:4      | Killed a phantom
  2994 | D:4      | Reached skill level 5 in Fighting
  2994 | D:4      | Reached XP level 5. HP: 42/48 MP: 4/4
  3010 | D:4      | Reached *** piety under Trog
  3122 | D:4      | Reached XP level 6. HP: 43/56 MP: 5/5
  3200 | D:4      | Reached skill level 6 in Axes
  3324 | D:5      | Entered Level 5 of the Dungeon
  3448 | D:5      | Found a bloodstained altar of Trog.
  3513 | D:5      | Found a radiant altar of Vehumet.
  3518 | D:5      | Found a burning altar of Makhleb.
  3529 | D:5      | Found a shattered altar of Ashenzari.
  3581 | D:5      | Reached skill level 7 in Axes
  3581 | D:5      | Reached XP level 7. HP: 57/62 MP: 6/6
  3825 | D:5      | Found a staircase to the Ecumenical Temple.
  3925 | D:5      | Found a sand-covered staircase.
  3931 | Ossuary  | Entered an ossuary
  3931 | Ossuary  | Noticed a wraith
  3931 | Ossuary  | Noticed a wraith
  3931 | Ossuary  | Noticed a wraith
  3957 | Ossuary  | Noticed a wraith
  3967 | Ossuary  | Reached **** piety under Trog
  3973 | Ossuary  | Killed a wraith
  3973 | Ossuary  | Reached skill level 8 in Axes
  4069 | Ossuary  | Reached XP level 8. HP: 70/70 MP: 7/7
  4528 | D:5      | Reached skill level 5 in Armour
  4528 | D:5      | Reached skill level 5 in Dodging
  4944 | D:6      | Found a bloodstained altar of Trog.
  4946 | D:6      | Reached skill level 9 in Axes
  4983 | D:6      | Identified 2 scrolls of acquirement
  4984 | D:6      | Got a warped hat
  4990 | D:6      | Identified the +2 hat "Yneer" {rElec rPois} (You acquired it on level 6 of the Dungeon)
  5033 | D:6      | Noticed a two-headed ogre
  5040 | D:6      | Killed a two-headed ogre
  5040 | D:6      | Reached skill level 10 in Axes
  5040 | D:6      | Reached XP level 9. HP: 79/79 MP: 8/8
  5529 | D:6      | Found a glowing silver altar of Zin.
  6309 | D:7      | Reached skill level 11 in Axes
  6490 | D:7      | Reached skill level 12 in Axes
  6659 | D:7      | Reached ***** piety under Trog
  6860 | D:8      | Noticed a two-headed ogre
  6869 | D:8      | HP: 3/81 [two-headed ogre/giant club (16)]
  6870 | D:8      | Mangled by a two-headed ogre

Vault maps used:
D:1:      scummos_arrival_simple_fountains, serial_bayou_ford_a,
          minmay_misc_feat_four_crosses, kennysheep_crisscross,
          minmay_tree_intersection
D:2:      marbit_many_paths, lemuel_blue_sif_altar
D:4:      kiku_gazebo_pond_becter, okawaru_trees_2, serial_shops,
          nicolae_shop_trees
D:5:      fiery_altar_vehumet, lemuel_round_altar,
          minmay_temple_entry_enclosed_plants, first_bread, enter_ossuary_3,
          hangedman_feature_mirror
D:6:      nicolae_overflow_crystal_walls, old_standard_altar
D:8:      lemuel_slime, hangedman_pestilent_swarm
Ossuary:  ossuary_kennysheep_city_of_the_dead

Skill      XL: |  1  2  3  4  5  6  7  8  9 |
---------------+----------------------------+-----
Fighting       | 4 5 6 7 8 |  8.0
Axes           | 4 5 7 8 10 12 | 12.3
Armour         | 3 4 6 7 |  7.6
Dodging        | 3 4 5 6 |  6.0
Stealth        | |  0.6

Action                   |  1- 3 |  4- 6 |  7- 9 || total
-------------------------+-------+-------+-------++-------
Melee: Hand axe          |    97 |   144 |   160 ||   401
       Headbutt          |    15 |    18 |    59 ||    92
       Battleaxe         |       |       |   134 ||   134
Invok: Berserk           |       |     1 |     2 ||     3
  Use: Scroll            |     6 |     2 |     6 ||    14
       Potion            |     1 |     1 |     6 ||     8
  Eat: Chunk             |     2 |     7 |    12 ||    21
       Fruit             |       |       |     1 ||     1
Armor: Leather armour    |    27 |    20 |       ||    47
       Scale mail        |       |    37 |   101 ||   138
Dodge: Dodged            |    63 |   111 |   178 ||   352
Block: Other             |       |       |    44 ||    44
